Map: 옥사이드 - 래더

Players

아르타니스 - Winner!

  • Race: Protoss Protoss
  • League: Platinum
  • Spawn Location: 1:00

아놔아나아나아난

  • Race: Zerg Zerg
  • Spawn Location: 7:00

VOD

Have the link to the VOD?

Description

(AT LEAST 6 GATES )2 CONSUL AND ZEALOTS

Time

  • Played on: Jan. 28, 2021, 6:17 a.m.
  • Length: 9:20
Show
View Real Time Build Order
Export as new Build Order

아르타니스 Protoss - Winner!

Build Orders: Zealot Archon, Archon Drop 

Get SALT Encoding   

  12  0:01  Probe  
  13  0:13  Probe  
  14  0:22  Pylon  
  14  0:26  Probe  
  15  0:40  Probe (Chrono Boost)  
  16  0:44  Gateway  
  16  0:51  Assimilator  
  16  0:52  Probe (Chrono Boost)  
  17  0:57  Probe (Chrono Boost)  
  18  1:13  Probe  
  19  1:28  Probe  
  20  1:34  Cybernetics Core  
  20  1:35  Gateway  
  20  1:44  Forge  
  20  1:51  Probe  
  21  1:54  Pylon  
  21  1:55  Assimilator  
  21  2:03  Probe  
  22  2:11  Warp Gate  
  22  2:17  Probe  
  22  2:18  Adept (Chrono Boost)  
  22  2:21  Photon Cannon  
  25  2:30  Photon Cannon, Pylon  
  25  2:43  Twilight Council  
  25  2:58  Gateway  
  25  3:00  Gateway  
  25  3:10  Probe  
  26  3:22  Templar Archives  
  26  3:28  Pylon  
  26  3:41  Robotics Facility  
  26  3:47  Assimilator  
  26  3:49  Assimilator  
  26  4:04  Gateway  
  26  4:05  Charge (Chrono Boost)  
  26  4:06  Gateway  
  26  4:07  Probe  
  27  4:19  Probe  
  28  4:29  Photon Cannon  
  29  4:31  Probe  
  29  4:32  Observer  
  30  4:46  Probe  
  30  4:52  High Templar x2  
  33  4:58  Warp Prism, Archon  
  37  5:01  Probe  
  38  5:13  Pylon  
  38  5:16  Protoss Ground Weapons Level 1 (Chrono Boost)  
  38  5:35  Pylon  
  38  5:36  Pylon  
  38  5:52  High Templar  
  38  5:54  High Templar  
  42  5:58  Archon  
  42  6:20  Nexus  
  42  6:31  Stalker x3  
  42  6:32  Stalker  
  47  7:03  Zealot x5  
  47  7:05  Zealot  
  57  7:47  Zealot x5  
  57  7:48  Zealot  
  69  8:14  High Templar x5  
  69  8:18  Archon x2  
  69  8:19  Zealot  
  79  8:45  Probe  
  79  8:47  Probe  
  81  8:56  Pylon  
  81  8:57  Probe  
  81  8:58  Pylon  
  81  9:00  Probe  
Show
View Real Time Build Order
Export as new Build Order

아놔아나아나아난 Zerg 

Build Orders: Pool First, Muta Ling Bane 

Get SALT Encoding   

  12  0:00  Drone  
  13  0:08  Drone  
  14  0:16  Overlord  
  14  0:35  Drone x3  
  17  0:55  Drone  
  18  1:13  Spawning Pool  
  18  1:14  Drone x2  
  18  1:17  Extractor  
  18  1:18  Drone, Extractor  
  18  1:35  Drone  
  19  1:47  Hatchery  
  19  1:52  Drone x2  
  20  1:59  Queen  
  22  2:09  Overlord  
  22  2:37  Baneling Nest  
  23  2:41  Lair  
  21  3:02  Drone  
  21  3:03  Drone x2  
  24  3:17  Spore Crawler  
  24  3:19  Drone x2  
  25  3:20  Queen  
  25  3:24  Drone  
  25  3:25  Drone x2  
  30  3:33  Drone x2  
  32  3:45  Drone x3  
  32  3:46  Drone, Spire  
  32  3:47  Drone  
  36  3:52  Overlord  
  36  4:05  Extractor  
  36  4:06  Overlord, Extractor  
  36  4:07  Drone  
  35  4:12  Metabolic Boost  
  35  4:15  Centrifical Hooks  
  35  4:21  Drone x3  
  35  4:22  Drone x3  
  41  4:32  Drone x4  
  41  4:37  Overlord  
  45  5:04  Zerg Flyer Armor Level 1  
  45  5:05  Mutalisk  
  45  5:06  Mutalisk x3  
  53  5:17  Hatchery  
  53  5:18  Mutalisk  
  53  5:20  Overlord  
  54  5:24  Mutalisk  
  56  5:32  Mutalisk  
  58  5:36  Overlord  
  58  5:37  Overlord  
  58  5:43  Mutalisk  
  60  5:50  Infestation Pit  
  60  5:55  Evolution Chamber  
  58  6:05  Zergling x12  
  58  6:06  Zergling x2  
  58  6:07  Zergling x4  
  67  6:18  Mutalisk  
  67  6:21  Mutalisk  
  69  6:55  Drone x3  
  72  7:02  Hive  
  72  7:13  Zergling x2  
  72  7:31  Mutalisk x2  
  72  7:32  Zergling x2  
  72  7:34  Overlord x4  
  72  7:35  Hatchery  
  75  7:41  Zergling x2  
  75  7:43  Overlord  
  75  7:44  Overlord  
  70  8:03  Zergling x6  
  39  8:35  Swarm Host x2  
  39  8:36  Swarm Host  
  39  8:41  Spine Crawler  
  47  8:42  Spine Crawler  
  47  8:45  Spine Crawler  
  47  8:47  Spine Crawler  
  42  9:03  Zergling x6  
Tags
 
Add a new tag
Caveats
  • Supply blocks, unpowered buildings, or Contaminate may cause inaccurate times.
  • Supply counts are checked every 10 seconds.